 Dungeon Crawl Stone Soup version 0.29.1-13-g9f3cf754e1 (webtiles) character file.

Game seed: 6062137162104138134

3266 Exodus22XD the Cleaver (level 9, -2/79 HPs)
             Began as a Minotaur Fighter on Feb 3, 2023.
             Was a Priest of Trog.
             Slain by a basilisk (7 damage)
             ... on level 8 of the Dungeon.
             The game lasted 00:07:00 (7300 turns).

Exodus22XD the Cleaver (Minotaur Fighter)           Turns: 7300, Time: 00:07:00

Health: -2/79      AC: 16    Str: 31    XL:     9   Next: 68%
Magic:  8/8        EV:  4    Int:  5    God:    Trog [***...]
Gold:   327        SH:  5    Dex: 10    Spells: 8/8 levels left

rFire   . . .      SeeInvis .   a - +0 war axe
rCold   . . .      Faith    .   c - +0 buckler
rNeg    . . .      Spirit   .   v - +0 chain mail
rPois   .          Reflect  .   (helmet restricted)
rElec   .          Harm     .   (no cloak)
rCorr   +          Rampage  .   q - +0 pair of gloves
Will    .....                   N - +2 pair of boots
Stlth   ..........              (no amulet)
HPRegen 0.23/turn               h - ring of resist corrosion
MPRegen 0.11/turn               b - +6 ring of strength

@: about to teleport, petrifying (expiring), on berserk cooldown, slowed, very
slow
A: horns 2, retaliatory headbutt
a: Renounce Religion, Berserk, Trog's Hand


You were on level 8 of the Dungeon.
You worshipped Trog.
Trog was most pleased with you.
You visited 1 branch of the dungeon, and saw 8 of its levels.

You collected 387 gold pieces.
You spent 60 gold pieces at shops.

Inventory:

Hand Weapons
 a - a +0 war axe (weapon)
 y - a +0 trident
 J - a +5 morningstar
Missiles
 E - a throwing net (quivered)
Armour
 c - a +0 buckler (worn)
 q - a +0 pair of gloves (worn)
 v - a +0 chain mail (worn)
 N - a +2 pair of boots (worn)
Jewellery
 b - a +6 ring of strength (right hand)
 e - a ring of flight
 h - a ring of resist corrosion (left hand)
 L - a +4 ring of evasion
 M - a ring of see invisible
Wands
 m - a wand of flame (39)
 I - a wand of digging (3)
 P - a wand of charming (5)
Scrolls
 g - a scroll of brand weapon
 i - 2 scrolls of magic mapping
 k - 2 scrolls of enchant armour {unknown}
 l - 2 scrolls of silence {unknown}
 p - 2 scrolls of poison {unknown}
 r - 2 scrolls of teleportation
 s - a scroll of blinking {unknown}
 u - 3 scrolls of acquirement {unknown}
 B - 2 scrolls of vulnerability {unknown}
 C - a scroll of immolation {unknown}
 F - a scroll of noise {unknown}
 G - 3 scrolls of identify
 H - a scroll of amnesia {unknown}
 K - a scroll of torment {unknown}
 O - a scroll of fear {unknown}
Potions
 d - a potion of might
 f - a potion of flight
 j - 2 potions of heal wounds {unknown}
 n - 5 potions of curing
 o - 2 potions of mutation {unknown}
 t - a potion of ambrosia {unknown}
 w - a potion of invisibility {unknown}
 x - a potion of magic {unknown}
 z - a potion of cancellation {unknown}
 A - a potion of attraction {unknown}
 D - 2 potions of lignification {unknown}


   Skills:
 + Level 7.3 Fighting
 + Level 10.7(10.9) Axes
 - Level 3.1(7.5) Maces & Flails
 + Level 9.9 Armour
 + Level 6.0 Shields


You had 8 spell levels left.
You didn't know any spells.
Your spell library was empty.

Dungeon Overview and Level Annotations

Branches:
Dungeon (8/15)             Temple (0/1) D:4
   Lair: D:8-11

Altars:
Ru
Trog
Zin
The Shining One

Shops:
D:6 ?


Innate Abilities, Weirdness & Mutations

You have a pair of horns on your head.
You reflexively headbutt those who attack you in melee.


Message History

The black bear claws you but does no damage.
The basilisk gazes at you. You resist with some effort.
The black bear barely misses you.
The black bear claws you but does no damage.
The black bear claws you.
You are no longer berserk.
You feel yourself slow down. The basilisk bites you!
* * * LOW HITPOINT WARNING * * *
The black bear bites you but does no damage.
The black bear claws you but does no damage. x2
The basilisk bites you but does no damage.
The black bear bites you but does no damage.
The black bear claws you but does no damage. x2
You turn to flesh and can move again.
You slice the black bear!! You headbutt the black bear.
You kill the black bear!
Trog accepts your kill.
You barely miss the basilisk.
A water moccasin comes into view.
The basilisk bites you!
* * * LOW HITPOINT WARNING * * *
The water moccasin hisses angrily.
You block the basilisk's attack.
You hit the basilisk.
The basilisk is lightly wounded.
The basilisk bites you!
* * * LOW HITPOINT WARNING * * *
A killer bee comes into view.
A killer bee comes into view.
The basilisk gazes at you.
You are slowing down.
As you read the scroll labelled YBIGON ROHAIKK, it crumbles to dust.
You feel strangely unstable.
It was a scroll of teleportation.
The killer bee buzzes angrily.
The water moccasin bites you but does no damage.
The basilisk gazes at you.
Your limbs have turned to stone.
The water moccasin bites you but does no damage.
The basilisk bites you!
You die...

##### . #...####
##### #y. .###†..###
##.#.###....
#.#####..####
#...††...... ##
##....###..S.y..y..#
##.......@l.##.#..#
#####.#.##.#
########


You could see a basilisk, a water moccasin and 2 killer bees.

Vanquished Creatures
  Joseph (D:7)
  Grinder (D:4)
  Sigmund (D:2)
  A wyvern (D:8)
  2 basilisks (D:8)
  A steam dragon (D:8)
  Duvessa (D:7)
  3 water moccasins
  A sky beast (D:7)
  2 black bears
  2 centaurs
  A phantom (D:5)
  A kobold brigand (D:7)
  3 bullfrogs
  3 scorpions (D:5)
  3 wights (D:7)
  Dowan (D:7)
  4 hounds
  A jelly (D:6)
  An orc priest (D:4)
  Terence (D:3)
  2 iguanas
  Natasha (twice) (D:2)
  4 gnolls (D:4)
  8 adders
  A shadow imp (D:4)
  2 white imps
  2 worms (D:2)
  3 dart slugs
  11 orcs
  3 ball pythons
  3 bats
  8 endoplasms
  4 giant cockroaches
  5 goblins
  5 hobgoblins
  2 quokkas
  7 kobolds
  5 rats
112 creatures vanquished.

Vanquished Creatures (others)
  A withered plant (D:1)
1 creature vanquished.

Grand Total: 113 creatures vanquished

Notes
Turn   | Place    | Note
-------+----------+-------------------------------------------
     0 | D:1      | Exodus22XD the Minotaur Fighter began the quest for the
                  | Orb.
     0 | D:1      | Reached XP level 1. HP: 19/19 MP: 0/0
   289 | D:1      | Found a faded altar of an unknown god.
   434 | D:1      | Reached XP level 2. HP: 27/27 MP: 1/1
   668 | D:1      | Prayed at the altar of an unknown god.
   668 | D:1      | Became a worshipper of Trog the Wrathful
   668 | D:1      | Reached * piety under Trog
  1354 | D:2      | Found a bloodstained altar of Trog.
  1508 | D:2      | Reached XP level 3. HP: 29/33 MP: 2/2
  1677 | D:2      | Reached skill level 3 in Axes
  1703 | D:2      | Noticed Sigmund
  1707 | D:2      | Killed Sigmund
  1708 | D:2      | Reached skill level 4 in Axes
  1708 | D:2      | Reached skill level 5 in Armour
  1708 | D:2      | Reached XP level 4. HP: 41/41 MP: 3/3
  1708 | D:2      | Reached XP level 5. HP: 47/47 MP: 4/4
  1821 | D:2      | Reached ** piety under Trog
  1878 | D:2      | Noticed Natasha
  1884 | D:2      | Killed Natasha
  2049 | D:2      | Noticed Natasha
  2052 | D:2      | Killed Natasha
  2053 | D:2      | Reached skill level 5 in Axes
  2364 | D:3      | Reached XP level 6. HP: 53/53 MP: 5/5
  2512 | D:3      | Noticed Terence
  2519 | D:3      | Killed Terence
  2727 | D:3      | Found a glowing silver altar of Zin.
  2727 | D:3      | Noticed an angel
  2883 | D:4      | Noticed Grinder
  2890 | D:4      | Killed Grinder
  2891 | D:4      | Reached skill level 5 in Fighting
  2891 | D:4      | Reached skill level 6 in Axes
  2891 | D:4      | Reached XP level 7. HP: 61/61 MP: 6/6
  3381 | D:4      | Reached skill level 7 in Axes
  3505 | D:4      | Found a staircase to the Ecumenical Temple.
  3624 | D:5      | Entered Level 5 of the Dungeon
  3735 | D:5      | Reached skill level 5 in Shields
  3744 | D:5      | Reached *** piety under Trog
  4271 | D:5      | Reached XP level 8. HP: 63/69 MP: 7/7
  4450 | D:5      | Reached skill level 8 in Axes
  4812 | D:6      | Found Obacepn's Magic Scroll Shoppe.
  4820 | D:6      | Bought a scroll of identify for 20 gold pieces
  4822 | D:6      | Bought a scroll of identify for 20 gold pieces
  4822 | D:6      | Bought a scroll of identify for 20 gold pieces
  5001 | D:6      | Found a sacrificial altar of Ru.
  5511 | D:7      | Noticed Duvessa
  5511 | D:7      | Noticed Dowan
  5511 | D:7      | Noticed Joseph
  5857 | D:7      | Reached skill level 9 in Axes
  5902 | D:7      | Killed Duvessa
  5908 | D:7      | Killed Dowan
  5920 | D:7      | Reached skill level 1 in Maces & Flails
  6225 | D:7      | Found a glowing golden altar of the Shining One.
  6260 | D:7      | Killed Joseph
  6261 | D:7      | Reached XP level 9. HP: 29/78 MP: 8/8
  7185 | D:8      | Reached skill level 10 in Axes
  7300 | D:8      | Slain by a basilisk

Illustrated notes

Levels and vault maps discovered:
D:1:      psy_arrival_basics, layout_basic,
          shapermc_ecumenical_altar_flowoftime, kennysheep_decorative_pillar
D:2:      minmay_evil_eye, layout_basic, basic_altar, uniq_sigmund, uniq_natasha
D:3:      layout_rooms, zin_angel, uniq_terence
D:4:      layout_rooms, minmay_temple_entry_nine_rooms, uniq_grinder
D:5:      layout_loops_ring, serial_bayou_pond_d
D:6:      layout_loops_cross, mainiacjoe_overflow_paths, serial_shops, shop,
          item_on_display_a
D:7:      layout_cave_pools, mainiacjoe_overflow_chevrons,
          palyth_stone_intersect, uniq_duvessa, uniq_joseph
D:8:      layout_basic, riverfiend_overflow_shadow_ancestor,
          fiery_altar_vehumet, erik_lair_dragon, serial_bayou_pond_b,
          uniq_psyche

Skill      XL: |  1  2  3  4  5  6  7  8  9 |
---------------+----------------------------+-----
Armour         | 4 5 6 8 9 |  9.9
Shields        | 4 5 6 |  6.0
Axes           | 4 5 6 7 9 10 | 10.7
Fighting       | 4 5 6 7 |  7.3
Maces & Flails | 2 3 |  3.1

Action                   |  1- 3 |  4- 6 |  7- 9 || total
-------------------------+-------+-------+-------++-------
Melee: War axe           |    59 |    53 |   185 ||   297
       Headbutt          |     6 |     9 |    30 ||    45
       Morningstar       |       |       |    18 ||    18
Invok: Berserk           |       |     1 |     4 ||     5
  Use: Scroll            |       |       |     5 ||     5
Armor: Scale mail        |    33 |    10 |       ||    43
       Chain mail        |       |    13 |   161 ||   174
Dodge: Dodged            |    34 |    20 |    78 ||   132
Block: Buckler           |    11 |     8 |    49 ||    68
